Match 42510279
Unlisted

Match 42510279
End
Kradschützen Motorcycle Team
250 Light Carrier
Panzerpioneer Squad
Construct Light Support Kompanie
Combat Half-tracks
Assault Grenadier Squad
MG34 Team
Assault Mechanized Group
Construct Mechanized Kompanie
Selects Battlefield Espionage Battlegroup
Selects 250/3 Funkpanzerwagen
Marder III Tank Destroyer
2.5-tonne Medical Truck
8 Rad Armored Car
Assault Mechanized Group
Construct Panzerarmee Kommand
Emergency Repair Kits
Panzer III L Medium Tank
Vehicle Survival Package
Assault Mechanized Group
Selects Intel Disruption Beacon
Selects Anti-Tank Incendiary Munitions
Selects Transfer Depots
Chocoboi
Hollywood_969
Peirithoos
Mael Radec
Elite Gamer Beef Chugger
Chubbybro
Joker
jhc0928d
0
0

Comments sign in to comment!

No comments posted yet!